 Dungeon Crawl Stone Soup version 0.21-a0-265-gb353147 (console) character file.

245 removed the Stinger (level 5, 0/38 HPs)
             Began as a Demigod Venom Mage on Sept 10, 2017.
             Slain by Syneil's ghost (6 damage)
             ... on level 3 of the Dungeon.
             The game lasted 00:04:36 (3232 turns).

removed the Stinger (Demigod Venom Mage)            Turns: 3232, Time: 00:04:36

Health: 0/38       AC:  3    Str: 11    XL:     5   Next: 53%
Magic:  5/10       EV: 12    Int: 21    God:
Gold:   39         SH:  0    Dex: 16    Spells: 6/7 levels left

rFire    . . .     SeeInvis .   g - +0 whip
rCold    . . .     Gourm    .   (no shield)
rNeg     . . .     Faith    .   a - +0 robe
rPois    .         Spirit   .   (no helmet)
rElec    .         Reflect  .   (no cloak)
rCorr    +         Harm     .   (no gloves)
MR       .....                  o - +0 pair of boots
Stlth    ++........             (no amulet)
HPRegen  0.12/turn              r - ring of resist corrosion
MPRegen  0.12/turn              (no ring)

@: no status effects
A: high mp 1
a: no special abilities


You were on level 3 of the Dungeon.
You were not hungry.

You visited 1 branch of the dungeon, and saw 3 of its levels.

You collected 39 gold pieces.

Inventory:

Hand Weapons
 e - a +0 club
 g - a +0 whip (weapon)
Armour
 a - a +0 robe (worn)
 m - a -2 robe
 o - a +0 pair of boots (worn)
Jewellery
 r - a ring of resist corrosion (left hand)
Scrolls
 j - a scroll of recharging
 k - a scroll of identify
 l - a scroll of remove curse
 t - 2 scrolls of enchant armour {unknown}
Potions
 h - a potion of degeneration
 n - a potion of mutation
 q - 2 potions of agility
Books
 b - a Young Poisoner's Handbook

   Spells                             Type                      Level
   a - Sting                          Conjuration/Poison           1
   b - Poisonous Vapours              Poison/Air                   2
   c - Mephitic Cloud                 Conjuration/Poison/Air       3
   d - Olgreb's Toxic Radiance        Poison                       4
   e - Venom Bolt                     Conjuration/Poison           5
Comestibles
 c - a bread ration
 p - 3 fruits
 u - 3 chunks of flesh


   Skills:
 - Level 1.7 Dodging
 - Level 1.7 Stealth
 - Level 1.7 Spellcasting
 + Level 4.1 Conjurations
 + Level 4.3 Poison Magic


You had 6 spell levels left.
You knew the following spells:

 Your Spells              Type           Power        Failure   Level  Hunger
a - Sting                 Conj/Pois      ###.         2%          1    #......


Dungeon Overview and Level Annotations

Branches:
Dungeon (3/15)

Annotations:
D:3 Syneil's ghost, amateur HOMo


Innate Abilities, Weirdness & Mutations

You have an increased reservoir of magic. (+10% MP)


Message History

Syneil's ghost hits you but does no damage.
You miss Syneil's ghost.
Syneil's ghost is lightly damaged.
Syneil's ghost barely misses you.
You closely miss Syneil's ghost.
Syneil's ghost is lightly damaged.
Syneil's ghost hits you.
You miss Syneil's ghost.
Syneil's ghost is lightly damaged.
Syneil's ghost hits you.
* * * LOW HITPOINT WARNING * * *
You completely miss Syneil's ghost.
Syneil's ghost is lightly damaged.
Syneil's ghost closely misses you.
Syneil's ghost whispers, "There is no future for you."
Syneil's ghost barely misses you.
You hit Syneil's ghost.
Syneil's ghost is moderately damaged.
Syneil's ghost hits you.
You die...

... .. #.# #..# #W #.#
#..#########
###.###'###...........
#.....'_###...........
#.#.# #'# #..†........
#.#.# #.# #...........
#.#.###.###...........
#.#......@W...........
#.....######..........
#.....# #..........
#.....# #..........
#.....# #..........
#.##.....# #....%.....
#.##)##### #..........
#.##.# #.......... #
#.##.# ###########


You could see Syneil's ghost.

Vanquished Creatures
  A sky beast (D:2)
  An orc priest (D:3)
  An orc wizard (D:3)
  2 adders (D:2)
  An ooze (D:1)
  A worm (D:3)
  3 dart slugs (D:1)
  2 leopard geckos
  3 orcs (D:3)
  A giant cockroach (D:2)
  4 goblins (D:1)
  8 hobgoblins
  4 jackals (D:2)
  3 kobolds
  4 quokkas
  A ball python (D:1)
  9 bats
  4 frilled lizards
  6 rats
59 creatures vanquished.

Notes
Turn   | Place    | Note
-------+----------+-------------------------------------------
     0 | D:1      | removed the Demigod Venom Mage began the quest for the Orb.
     0 | D:1      | Reached XP level 1. HP: 14/14 MP: 5/5
   652 | D:1      | Reached skill level 1 in Conjurations
  1222 | D:1      | Reached XP level 2. HP: 11/20 MP: 2/7
  1711 | D:1      | Reached XP level 3. HP: 26/26 MP: 5/8
  2199 | D:2      | Noticed a sky beast
  2254 | D:2      | Killed a sky beast
  2254 | D:2      | Reached XP level 4. HP: 24/33 MP: 4/9
  2640 | D:2      | Reached XP level 5. HP: 33/38 MP: 5/10
  2721 | D:2      | Found a faded altar of an unknown god.
  2802 | D:2      | Found a hazy altar of Hepliaklqana.
  2802 | D:2      | Found an iron altar of Okawaru.
  3160 | D:3      | Found an opulent altar of Gozag.
  3191 | D:3      | Noticed Syneil's ghost (amateur HOMo)
  3232 | D:3      | Slain by Syneil's ghost

Vault maps used:
D:1:      evilmike_arrival_run_for_it, nrook_loot_triangle
D:2:      gammafunk_temple_overflow_statue, chequers_ecumenical_altar_twisty
D:3:      lemuel_doored_altar

Skill      XL: |  1  2  3  4  5 |
---------------+----------------+-----
Conjurations   | 2 3 4 |  4.1
Poison Magic   | 3 4 |  4.3
Dodging        | |  1.7
Stealth        | |  1.7
Spellcasting   | |  1.7

Action                   |  1- 3 |  4- 6 || total
-------------------------+-------+-------++-------
Melee: Whip              |     7 |    41 ||    48
 Cast: Sting             |    72 |    58 ||   130
  Use: Scroll            |       |     6 ||     6
  Eat: Chunk             |     5 |     4 ||     9
Armor: Robe              |     3 |     7 ||    10
Dodge: Dodged            |     9 |    39 ||    48

Table legend:
 A = Spawn XP
 B = Non-spawn XP
 C = Spawn XP percentage of total XP
 D = Spawn monster count
 E = Non-spawn monster count
 F = Spawn count percentage of total count
 G = Total turns spent on level
                    A         B        C        D         E        F      G
               +---------+---------+-------+---------+---------+-------+---------
         Total |       0 |     350 |   0.0 |       0 |      59 |   0.0 |  3232
               +---------+---------+-------+---------+---------+-------+---------
           D:1 |       0 |      57 |   0.0 |       0 |      29 |   0.0 |  2141
           D:2 |       0 |     190 |   0.0 |       0 |      19 |   0.0 |   727
           D:3 |       0 |     103 |   0.0 |       0 |      11 |   0.0 |   364
               +---------+---------+-------+---------+---------+-------+---------
